 Dungeon Crawl Stone Soup version 0.28.0 (webtiles) character file.

Game seed: 2630858404011242741

476 RighteousDevil the Slasher (level 7, -3/56 HPs)
             Began as a Formicid Fighter on Feb 7, 2022.
             Slain by a phantom (8 damage)
             ... in the Ecumenical Temple.
             The game lasted 00:05:08 (2388 turns).

RighteousDevil the Slasher (Formicid Fighter)       Turns: 2388, Time: 00:05:08

Health: -3/56      AC:  7    Str: 18    XL:     7   Next: 33%
Magic:  7/7        EV:  9    Int:  8    God:
Gold:   169        SH:  5    Dex: 12    Spells: 6/6 levels left

rFire   . . .      SeeInvis +   a - +1 long sword
rCold   . . .      Faith    .   c - +0 buckler
rNeg    . . .      Spirit   .   b - +0 scale mail
rPois   .          Reflect  .   (helmet unavailable)
rElec   .          Harm     .   m - +0 cloak
rCorr   .          Rampage  .   h - +1 pair of gloves
Will    .....                   (no boots)
Stlth   ..........              e - amulet of regeneration
HPRegen 0.98/turn               (no ring)
MPRegen 0.10/turn               (no ring)

@: brilliant, flying
A: permanent stasis, dig shafts and tunnels, antennae 3, four strong arms,
deformed body, screaming 2, weak 1
a: Dig


You were in the Ecumenical Temple.
You visited 2 branches of the dungeon, and saw 5 of its levels.

You collected 169 gold pieces.

Inventory:

Hand Weapons
 a - a +1 long sword (weapon)
Armour
 b - a +0 scale mail (worn)
 c - a +0 buckler (worn)
 h - a +1 pair of gloves (worn)
 m - a +0 cloak (worn)
Jewellery
 e - an amulet of regeneration (around neck)
Scrolls
 j - a scroll of enchant weapon
Potions
 f - a potion of lignification


   Skills:
 + Level 5.4 Fighting
 * Level 5.8 Long Blades
 - Level 4.0 Armour
 - Level 4.0 Shields


You had 6 spell levels left.
You didn't know any spells.
Your spell library contained the following spells:

 Spells                   Type           Power      Damage    Failure   Level
 Animate Skeleton         Necr           0%         N/A       85%         1
 Apportation              Tloc           0%         N/A       85%         1
 Beastly Appendage        Tmut           0%         N/A       85%         1
 Pain                     Necr           0%         1d4       85%         1
 Summon Small Mammal      Summ           0%         N/A       85%         1
 Wereblood                Tmut           0%         N/A       94%         2
 Spider Form              Tmut/Pois      0%         N/A       99%         3
 Vampiric Draining        Necr           0%         2d6       99%         3


Dungeon Overview and Level Annotations

Branches:
Dungeon (4/15)             Temple (1/1) D:4

Altars:
Ashenzari
Cheibriados
Dithmenos
Elyvilon
Kikubaaqudgha
Makhleb
Nemelex Xobeh
Qazlal
Ru
Trog
Uskayaw
Vehumet
Wu Jian
Xom
The Shining One


Innate Abilities, Weirdness & Mutations

You cannot be hasted, slowed, berserked, paralysed or teleported.
You can dig through walls and to a lower floor.
You have a pair of large antennae on your head. (SInv)
Your four strong arms can wield two-handed weapons with a shield.
Armour fits poorly on your strangely shaped body.
You frequently scream uncontrollably at your foes.
You are weak. (Str -2)


Message History

You closely miss the ice beast. The phantom hits you.
The ice beast barely misses you.
You slash the ice beast!
The ice beast is moderately wounded.
The phantom hits you.
* * * LOW HITPOINT WARNING * * *
You block the ice beast's attack.
You closely miss the phantom. The phantom barely misses you.
There is a staircase back to the Dungeon, spattered with blood here.
You catch the helpless phantom completely off-guard!
You hit the phantom.
The phantom is lightly damaged.
You block the ice beast's attack.
You flicker for a moment.
The ice beast barely misses you.
You catch the helpless ice beast completely off-guard!
You hit the ice beast.
The ice beast is heavily wounded.
You slash the phantom!
The phantom is heavily damaged.
The ice beast hits you but does no damage.
The phantom hits you.
You slash the phantom!
The phantom is severely damaged.
The ice beast hits you but does no damage.
The phantom hits you but does no damage.
You closely miss the phantom.
The phantom is severely damaged.
You flicker back into view.
The phantom hits you.
You hit the phantom.
The phantom is almost destroyed.
The ice beast hits you but does no damage.
You block the phantom's attack. The ice beast hits you.
The ice beast freezes you!
* * * LOW HITPOINT WARNING * * *
You barely miss the phantom.
The phantom is severely damaged.
The phantom hits you!
You die...

≈≈≈≈.........................≈≈≈≈
.................................
................_................
._............................._.
........_..............._........
.................................
...............[))...............
...._..........)<..........._....
...............W@................
...............Y.................
........_..............._........
._............................._.
................8................
.................................
≈≈≈≈.........................≈≈≈≈
≈≈≈≈≈≈≈≈≈≈≈≈≈≈≈≈≈≈≈≈≈≈≈≈≈≈≈≈≈≈≈≈≈
#############


You could see a phantom and an ice beast.

Vanquished Creatures
  A black bear (D:4)
  2 ogres
  A centaur (D:3)
  2 gnolls
  5 adders
  A worm (D:3)
  2 dart slugs (D:3)
  4 orcs
  5 bats
  6 endoplasms
  4 giant cockroaches
  3 hobgoblins (D:3)
  7 kobolds
  2 quokkas
  4 ball pythons
  3 frilled lizards
  6 goblins
  5 rats
63 creatures vanquished.

Notes
Turn   | Place    | Note
-------+----------+-------------------------------------------
     0 | D:1      | RighteousDevil the Formicid Fighter began the quest for the
                  | Orb.
     0 | D:1      | Reached XP level 1. HP: 18/18 MP: 1/1
   278 | D:1      | Reached XP level 2. HP: 20/24 MP: 2/2
   610 | D:1      | Reached XP level 3. HP: 29/29 MP: 3/3
   685 | D:2      | Found a sparkling altar of Nemelex Xobeh.
  1047 | D:3      | Noticed a centaur
  1055 | D:3      | Killed a centaur
  1056 | D:3      | Reached XP level 4. HP: 10/37 MP: 4/4
  1056 | D:3      | Reached XP level 5. HP: 11/42 MP: 5/5
  1636 | D:3      | Found a faded altar of an unknown god.
  1645 | D:3      | Prayed at the altar of an unknown god.
  1645 | D:3      | Became a worshipper of Xom the Tricky
  1703 | D:3      | XOM: silly message
  1706 | D:3      | Fell from the grace of Xom
  1909 | D:4      | Noticed an ogre
  1921 | D:4      | Killed an ogre
  1922 | D:4      | Reached XP level 6. HP: 27/50 MP: 6/6
  2017 | D:4      | Noticed a black bear
  2039 | D:4      | Killed a black bear
  2040 | D:4      | Reached skill level 5 in Fighting
  2040 | D:4      | Reached skill level 5 in Long Blades
  2052 | D:4      | Found a staircase to the Ecumenical Temple.
  2054 | D:4      | Noticed an ogre
  2056 | D:4      | Reached XP level 7. HP: 56/56 MP: 7/7
  2068 | Temple   | Entered the Ecumenical Temple
  2114 | Temple   | XOM: give mutations
  2114 | Temple   | Gained mutation: You occasionally shout uncontrollably at
                  | your foes. [Xom's mischief]
  2114 | Temple   | Gained mutation: Armour fits poorly on your strangely
                  | shaped body. [Xom's mischief]
  2114 | Temple   | Gained mutation: You frequently scream uncontrollably at
                  | your foes. [Xom's mischief]
  2114 | Temple   | Gained mutation: You are weak. (Str -2) [Xom's mischief]
  2174 | Temple   | XOM: god gift: sedimented red potion {god gift}
  2388 | Temple   | Slain by a phantom

Illustrated notes

Levels and vault maps discovered:
D:1:      psy_arrival_dodecagon, layout_loops_cross, kennysheep_boxes
D:2:      layout_basic, basic_altar
D:3:      layout_rooms, nicolae_ecumenical_snake_handling, minmay_box_of_dots
D:4:      layout_rooms, nicolae_hepliaklqana_monster_ancestors,
          mainiacjoe_overflow_alcove_1, minmay_temple_entry_ruins,
          lightli_ossuary_entry_decrepit_ruins, minmay_misc_feat_cross,
          kennysheep_windowed_goal
Temple:   dshaligram_water_room_temple

Skill      XL: |  1  2  3  4  5  6 |
---------------+-------------------+-----
Shields        | 4 |  4.0
Fighting       | 4 5 |  5.4
Long Blades    | 3 4 5 |  5.8
Armour         | 4 |  4.0

Action                   |  1- 3 |  4- 6 |  7- 9 || total
-------------------------+-------+-------+-------++-------
Melee: Long sword        |    90 |    99 |    38 ||   227
Invok: Renounce Religion |       |     1 |       ||     1
  Use: Scroll            |     3 |     4 |       ||     7
       Potion            |     1 |     1 |     5 ||     7
 Stab: Invisible         |       |       |     3 ||     3
Armor: Scale mail        |    39 |    56 |    43 ||   138
Dodge: Dodged            |    54 |    43 |    39 ||   136
Block: Buckler           |    18 |    35 |    20 ||    73
